TOP OF THE 1ST |
Spokane Indians batting - Pitching for Staten Island Yankees : RHP Jake Bryant
|
Pitching: RHP Jake Bryant
|
|
Batting: RHB Theo van Gent
|
0-0: DOUBLE (Line Drive, 89XD, EV 105.6 MPH)
|
Batting: RHB Danny Odom
|
0-0: Called Strike 0-1: Called Strike 0-2: Foul Ball, location: 2F 0-2: Ball 1-2: Strikes out swinging
|
Batting: RHB Mike Thornton
|
0-0: Called Strike 0-1: Foul Ball, location: 2F 0-2: Ball 1-2: Ball 2-2: Foul Ball, location: 2F 2-2: Ball 3-2: Foul Ball, location: 2F 3-2: Strikes out swinging
|
Batting: RHB Josh Whitmore
|
0-0: Ball 1-0: Ball 2-0: Ball 3-0: Base on Balls
|
Batting: RHB Sergio Godinez
|
0-0: Ball 1-0: Ball 2-0: Foul Ball, location: 2F 2-1: Ball 3-1: Base on Balls Theo van Gent to third Josh Whitmore to second
|
Batting: RHB Jerry Castillo
|
0-0: Called Strike 0-1: Ball 1-1: Swinging Strike 1-2: Ball 2-2: Foul Ball, location: 2F 2-2: Strikes out looking
|
Top of the 1st over - 0 runs, 1 hit, 0 errors, 3 left on base; Spokane 0 - Staten Island 0 |
BOTTOM OF THE 1ST |
Staten Island Yankees batting - Pitching for Spokane Indians : RHP Victor Walshe
|
Pitching: RHP Victor Walshe
|
|
Batting: RHB Norimoto Miyanishi
|
0-0: Ball 1-0: Foul Ball, location: 2F 1-1: Called Strike 1-2: Foul Ball, location: 2F 1-2: Strikes out swinging
|
Batting: LHB Dario Segura
|
0-0: Called Strike 0-1: Foul Ball, location: 2F 0-2: Foul Ball, location: 2F 0-2: Ball 1-2: Strikes out swinging
|
Batting: LHB Mike Schermerhorn
|
0-0: Called Strike 0-1: Ball 1-1: Foul Ball, location: 2F 1-2: Strikes out looking
|
Bottom of the 1st over - 0 runs, 0 hits, 0 errors, 0 left on base; Spokane 0 - Staten Island 0 |
TOP OF THE 2ND |
Spokane Indians batting - Pitching for Staten Island Yankees : RHP Jake Bryant
|
Batting: RHB Rick Concha
|
0-0: Ground out 4-3 (Groundball, 4, EV 80.0 MPH)
|
Batting: RHB Alex Vazquez
|
0-0: Called Strike 0-1: SINGLE (Line Drive, 5D, EV 99.4 MPH)
|
Batting: LHB Walter Vegter
|
0-0: Called Strike 0-1: SINGLE (Line Drive, 9LS, EV 85.6 MPH) Alex Vazquez to second Runner from 2nd tries for 3rd, SAFE, throw by RF made to third
|
Batting: RHB Theo van Gent
|
0-0: Ball Walter Vegter is caught stealing 2nd base 2-4 1-0: Swinging Strike 1-1: Foul Ball, location: 2F 1-2: Fly out, F7 (Flyball, 78S, EV 92.5 MPH)
|
Top of the 2nd over - 0 runs, 2 hits, 0 errors, 1 left on base; Spokane 0 - Staten Island 0 |
BOTTOM OF THE 2ND |
Staten Island Yankees batting - Pitching for Spokane Indians : RHP Victor Walshe
|
Batting: SHB Tadaaki Kondo
|
0-0: Called Strike 0-1: Foul Ball, location: 2F 0-2: SINGLE (Line Drive, 7S, EV 89.4 MPH)
|
Batting: SHB Adam Slade
|
0-0: Called Strike 0-1: Foul Ball, location: 2F 0-2: Foul Ball, location: 2F 0-2: Ball 1-2: Ball 2-2: Strikes out swinging
|
Batting: RHB Matt Thompson
|
0-0: Ball 1-0: Swinging Strike 1-1: Foul Ball, location: 2F 1-2: Ball 2-2: Ball 3-2: Strikes out swinging
|
Batting: RHB Jesus Ruiz
|
0-0: Called Strike 0-1: Ball 1-1: Ball 2-1: Ball 3-1: SINGLE (Groundball, 6MD, EV 98.1 MPH) Tadaaki Kondo to second
|
Batting: RHB Daniel Underhay
|
0-0: Ground out U3 (Groundball, 34, EV 108.1 MPH)
|
Bottom of the 2nd over - 0 runs, 2 hits, 0 errors, 2 left on base; Spokane 0 - Staten Island 0 |
TOP OF THE 3RD |
Spokane Indians batting - Pitching for Staten Island Yankees : RHP Jake Bryant
|
Batting: RHB Danny Odom
|
0-0: Ball 1-0: Foul Ball, location: 2F 1-1: Ground out 6-3 (Groundball, 56, EV 108.8 MPH)
|
Batting: RHB Mike Thornton
|
0-0: Ball 1-0: Ball 2-0: Ball 3-0: Base on Balls
|
Batting: RHB Josh Whitmore
|
0-0: Ball Pickoff Throw to First - Out! 1-3 CS 1-0: Foul Ball, location: 2F 1-1: Foul Ball, location: 2F 1-2: Strikes out swinging
|
Top of the 3rd over - 0 runs, 0 hits, 0 errors, 0 left on base; Spokane 0 - Staten Island 0 |
BOTTOM OF THE 3RD |
Staten Island Yankees batting - Pitching for Spokane Indians : RHP Victor Walshe
|
Batting: LHB Danny de Leon
|
0-0: Ball 1-0: Called Strike 1-1: Fly out, F7 (Flyball, 7, EV 86.9 MPH)
|
Batting: RHB Norimoto Miyanishi
|
0-0: Foul Ball, location: 2F 0-1: Hit by Pitch
|
Batting: LHB Dario Segura
|
0-0: Ball 1-0: Ball Norimoto Miyanishi steals 2nd base 2-0: Called Strike 2-1: DOUBLE (Line Drive, 8LXD, EV 99.4 MPH) Norimoto Miyanishi scores
|
Batting: LHB Mike Schermerhorn
|
0-0: Called Strike 0-1: Ball 1-1: Foul Ball, location: 2F 1-2: Ball 2-2: Ball 3-2: Base on Balls
|
Batting: SHB Tadaaki Kondo
|
0-0: Ball 1-0: Foul Ball, location: 2F 1-1: Foul Ball, location: 2F 1-2: Ball 2-2: Foul Ball, location: 2F 2-2: Strikes out swinging
|
Batting: SHB Adam Slade
|
0-0: Ball 1-0: Swinging Strike 1-1: Swinging Strike 1-2: Foul Ball, location: 2F 1-2: Ball 2-2: Strikes out swinging
|
Bottom of the 3rd over - 1 run, 1 hit, 0 errors, 2 left on base; Spokane 0 - Staten Island 1 |
TOP OF THE 4TH |
Spokane Indians batting - Pitching for Staten Island Yankees : RHP Jake Bryant
|
Batting: RHB Sergio Godinez
|
0-0: Ball 1-0: Hit by Pitch
|
Batting: RHB Jerry Castillo
|
0-0: Foul Ball, location: 2F 0-1: Ball 1-1: Ball 2-1: Ball 3-1: Base on Balls Sergio Godinez to second
|
Batting: RHB Rick Concha
|
0-0: Swinging Strike 0-1: Ball Wild Pitch! Sergio Godinez to third Jerry Castillo to second 1-1: Swinging Strike 1-2: Strikes out looking
|
Batting: RHB Alex Vazquez
|
0-0: Called Strike 0-1: Called Strike 0-2: Foul Ball, location: 2F 0-2: Ball 1-2: Foul Ball, location: 2F 1-2: Foul Ball, location: 2F 1-2: Ball 2-2: Ground out 2-3 (Groundball, 13S, EV 62.5 MPH)
|
Batting: LHB Walter Vegter
|
0-0: Ball 1-0: Ball 2-0: Ground out 5-3 (Groundball, 56, EV 101.9 MPH)
|
Top of the 4th over - 0 runs, 0 hits, 0 errors, 2 left on base; Spokane 0 - Staten Island 1 |
BOTTOM OF THE 4TH |
Staten Island Yankees batting - Pitching for Spokane Indians : RHP Victor Walshe
|
Batting: RHB Matt Thompson
|
0-0: Called Strike 0-1: Called Strike 0-2: Strikes out looking
|
Batting: RHB Jesus Ruiz
|
0-0: Called Strike 0-1: Ball 1-1: Fly out, F8 (Flyball, 89D, EV 98.8 MPH)
|
Batting: RHB Daniel Underhay
|
0-0: Ball 1-0: Ball 2-0: Called Strike 2-1: Ground out 5-3 (Groundball, 56S, EV 79.4 MPH)
|
Bottom of the 4th over - 0 runs, 0 hits, 0 errors, 0 left on base; Spokane 0 - Staten Island 1 |
TOP OF THE 5TH |
Spokane Indians batting - Pitching for Staten Island Yankees : RHP Jake Bryant
|
Batting: RHB Theo van Gent
|
0-0: Called Strike 0-1: Swinging Strike 0-2: Ball 1-2: Strikes out swinging
|
Batting: RHB Danny Odom
|
0-0: Ground out 4-3 (Groundball, 4, EV 91.9 MPH)
|
Batting: RHB Mike Thornton
|
0-0: Called Strike 0-1: Called Strike 0-2: Strikes out swinging
|
Top of the 5th over - 0 runs, 0 hits, 0 errors, 0 left on base; Spokane 0 - Staten Island 1 |
BOTTOM OF THE 5TH |
Staten Island Yankees batting - Pitching for Spokane Indians : RHP Victor Walshe
|
Batting: LHB Danny de Leon
|
0-0: Ball 1-0: Ground out 2-3 (Groundball, 13S, EV 69.4 MPH)
|
Batting: RHB Norimoto Miyanishi
|
0-0: Called Strike 0-1: Called Strike 0-2: Ball 1-2: Ball 2-2: DOUBLE (Flyball, 8LXD, EV 108.1 MPH)
|
Batting: LHB Dario Segura
|
0-0: Called Strike 0-1: Ball 1-1: Foul Ball, location: 2F 1-2: Foul Ball, location: 2F 1-2: Strikes out swinging
|
Batting: LHB Mike Schermerhorn
|
0-0: Swinging Strike 0-1: Swinging Strike 0-2: Ball 1-2: Ball 2-2: Ball 3-2: SINGLE (Groundball, 3D, EV 96.2 MPH) Norimoto Miyanishi to third Runner from 3rd tries for Home, SAFE, throw by RF to home
|
Batting: SHB Tadaaki Kondo
|
0-0: Swinging Strike 0-1: DOUBLE (Flyball, 89D, EV 105.0 MPH) Mike Schermerhorn to third
|
Batting: SHB Adam Slade
|
0-0: Ball 1-0: Foul Ball, location: 2F 1-1: Foul Ball, location: 2F 1-2: Ball 2-2: Foul Ball, location: 2F 2-2: Ball 3-2: Base on Balls
|
Batting: RHB Matt Thompson
|
0-0: SINGLE (Line Drive, 4D, EV 105.6 MPH) Mike Schermerhorn scores Tadaaki Kondo to third Adam Slade to second
|
Batting: RHB Jesus Ruiz
|
0-0: Called Strike 0-1: SINGLE (Groundball, 56D, EV 97.5 MPH) Tadaaki Kondo scores Adam Slade to third Matt Thompson to second Runner from 3rd tries for Home, SAFE, throw by LF to home
|
Pitching: LHP Patrick Meesters
|
|
Batting: RHB Daniel Underhay
|
0-0: Ball 1-0: Ground out 4-3 (Groundball, 4, EV 81.9 MPH)
|
Bottom of the 5th over - 4 runs, 5 hits, 0 errors, 2 left on base; Spokane 0 - Staten Island 5 |
TOP OF THE 6TH |
Spokane Indians batting - Pitching for Staten Island Yankees : RHP Jake Bryant
|
Batting: RHB Josh Whitmore
|
0-0: Ground out 5-3 (Groundball, 56, EV 103.1 MPH)
|
Pitching: LHP Colin Scott
|
|
Batting: RHB Sergio Godinez
|
0-0: Called Strike 0-1: Swinging Strike 0-2: Strikes out swinging
|
Batting: RHB Jerry Castillo
|
0-0: Swinging Strike 0-1: Ground out 4-3 (Groundball, 4, EV 86.9 MPH)
|
Top of the 6th over - 0 runs, 0 hits, 0 errors, 0 left on base; Spokane 0 - Staten Island 5 |
BOTTOM OF THE 6TH |
Staten Island Yankees batting - Pitching for Spokane Indians : LHP Patrick Meesters
|
Batting: LHB Danny de Leon
|
0-0: Ball 1-0: Ball 2-0: Called Strike 2-1: Foul Ball, location: 2F 2-2: Foul Ball, location: 2F 2-2: Strikes out swinging
|
Batting: RHB Norimoto Miyanishi
|
0-0: Ball 1-0: Called Strike 1-1: Ball 2-1: Ball 3-1: Base on Balls
|
Batting: LHB Dario Segura
|
0-0: Ball Wild Pitch! Norimoto Miyanishi to second 1-0: Ball 2-0: Swinging Strike 2-1: Foul Ball, location: 2F 2-2: Strikes out swinging
|
Batting: LHB Mike Schermerhorn
|
0-0: Swinging Strike 0-1: Swinging Strike 0-2: Strikes out looking
|
Bottom of the 6th over - 0 runs, 0 hits, 0 errors, 1 left on base; Spokane 0 - Staten Island 5 |
TOP OF THE 7TH |
Spokane Indians batting - Pitching for Staten Island Yankees : LHP Colin Scott
|
Batting: RHB Rick Concha
|
0-0: Ball 1-0: Ball 2-0: Ball 3-0: Called Strike 3-1: Foul Ball, location: 2F 3-2: SINGLE (Groundball, 56S, EV 74.4 MPH) (infield hit)
|
Batting: RHB Alex Vazquez
|
0-0: Ball 1-0: Called Strike 1-1: Foul Ball, location: 2F 1-2: Strikes out swinging
|
Pinch Hitting: RHB Oscar Fausto
|
0-0: Called Strike 0-1: Called Strike 0-2: Ball 1-2: Ball 2-2: Foul Ball, location: 2F 2-2: SINGLE (Line Drive, 89S, EV 85.0 MPH) Rick Concha to second Runner from 2nd tries for 3rd, SAFE, throw by RF made to third
|
Pitching: RHP Nick Peters
|
|
Pinch Hitting: LHB Ben Radach
|
0-0: Foul Ball, location: 2F 0-1: Grounds into double play, 4-6-3 (Groundball, 4, EV 80.0 MPH)
|
Top of the 7th over - 0 runs, 2 hits, 0 errors, 1 left on base; Spokane 0 - Staten Island 5 |
BOTTOM OF THE 7TH |
Staten Island Yankees batting - Pitching for Spokane Indians : LHP Patrick Meesters
|
Now in LF: Nick Foutz
|
|
Now in RF: Austin Mickelson
|
|
Batting: SHB Tadaaki Kondo
|
0-0: Called Strike 0-1: Ball 1-1: Ball 2-1: Ball 3-1: Reached on error, E5 (Groundball, 56, EV 85.6 MPH)
|
Batting: SHB Adam Slade
|
0-0: Foul Ball, location: 2F 0-1: Called Strike 0-2: Ball 1-2: Strikes out swinging
|
Batting: RHB Matt Thompson
|
0-0: Ball 1-0: Fielders Choice at 2nd, 6-4 (Groundball, 6M, EV 95.0 MPH)
|
Batting: RHB Jesus Ruiz
|
0-0: Called Strike 0-1: Foul Ball, location: 2F 0-2: Strikes out swinging
|
Bottom of the 7th over - 0 runs, 0 hits, 1 error, 1 left on base; Spokane 0 - Staten Island 5 |
TOP OF THE 8TH |
Spokane Indians batting - Pitching for Staten Island Yankees : RHP Nick Peters
|
Batting: RHB Danny Odom
|
0-0: Swinging Strike 0-1: Swinging Strike 0-2: Strikes out swinging
|
Batting: RHB Mike Thornton
|
0-0: Called Strike 0-1: Ball 1-1: Ball 2-1: Foul Ball, location: 2F 2-2: Ball 3-2: Base on Balls
|
Batting: RHB Josh Whitmore
|
0-0: 2-RUN HOME RUN (Flyball, 89XD, EV 99.4 MPH), Distance : 416 ft
|
Batting: RHB Sergio Godinez
|
0-0: Foul Ball, location: 2F 0-1: Reached on error, E2 (Groundball, 2L, EV 74.4 MPH)
|
Batting: RHB Jerry Castillo
|
0-0: Ball 1-0: Ball 2-0: Ball 3-0: Base on Balls Sergio Godinez to second
|
Pitching: RHP Nate LaCava
|
|
Pinch Hitting: LHB Sean Gingrich
|
0-0: Ground out 6-3 (Groundball, 6MD, EV 90.6 MPH) Sergio Godinez to third Jerry Castillo to second
|
Pinch Hitting: LHB Casper Kersten
|
0-0: Ball 1-0: Ball 2-0: Ball 3-0: Called Strike 3-1: Base on Balls
|
Batting: RHB Austin Mickelson
|
0-0: Ball 1-0: Foul Ball, location: 2F 1-1: Foul Ball, location: 2F 1-2: SINGLE (Groundball, 3D, EV 103.1 MPH) Sergio Godinez scores Jerry Castillo to third Casper Kersten to second Runner from 3rd tries for Home, SAFE, throw by RF to home
|
Batting: LHB Nick Foutz
|
0-0: Foul Ball, location: 2F 0-1: Swinging Strike 0-2: Foul Ball, location: 2F 0-2: Ball 1-2: Ball 2-2: Ball 3-2: SINGLE (Groundball, 4D, EV 98.8 MPH) Casper Kersten to third Austin Mickelson to second Casper Kersten scores Austin Mickelson to third
|
Batting: RHB Danny Odom
|
0-0: Ball 1-0: Foul Ball, location: 2F 1-1: Ball 2-1: Foul Ball, location: 2F 2-2: Ball 3-2: SINGLE (Groundball, 56S, EV 73.1 MPH) (infield hit) Austin Mickelson scores Nick Foutz to second
|
Batting: RHB Mike Thornton
|
0-0: Called Strike 0-1: Ball 1-1: Foul Ball, location: 2F 1-2: SINGLE (Flyball, 4D, EV 87.5 MPH) Nick Foutz to third Danny Odom to second Runner from 3rd tries for Home, throw by CF and OUT! 8-2
|
Top of the 8th over - 6 runs, 5 hits, 1 error, 2 left on base; Spokane 6 - Staten Island 5 |
BOTTOM OF THE 8TH |
Staten Island Yankees batting - Pitching for Spokane Indians : LHP Patrick Meesters
|
Now at 3B: Knud Prins
|
|
Now at SS: Aaron Graham
|
|
Batting: RHB Daniel Underhay
|
0-0: Ball 1-0: Called Strike 1-1: Ground out 6-3 (Groundball, 56, EV 91.2 MPH)
|
Pinch Hitting: RHB Brad Wren
|
0-0: Called Strike 0-1: Foul Ball, location: 2F 0-2: Ball 1-2: Ball 2-2: Strikes out swinging
|
Batting: RHB Norimoto Miyanishi
|
0-0: Foul Ball, location: 2F 0-1: Ball 1-1: Ball 2-1: Ball 3-1: Called Strike 3-2: Foul Ball, location: 2F 3-2: Ground out 5-3 (Groundball, 25, EV 89.4 MPH)
|
Bottom of the 8th over - 0 runs, 0 hits, 0 errors, 0 left on base; Spokane 6 - Staten Island 5 |
TOP OF THE 9TH |
Spokane Indians batting - Pitching for Staten Island Yankees : RHP Nate LaCava
|
Now in RF: Jon Pierce
|
|
Batting: RHB Josh Whitmore
|
0-0: Ball 1-0: Swinging Strike 1-1: Called Strike 1-2: SINGLE (Line Drive, 4MD, EV 93.8 MPH)
|
Batting: RHB Sergio Godinez
|
0-0: Called Strike Pickoff Play to 1st, Runner tries for 2nd, SAFE after rundown. 0-1: Ball 1-1: Ball 2-1: Foul Ball, location: 2F 2-2: Foul Ball, location: 2F 2-2: Foul Ball, location: 2F 2-2: Ball 3-2: SINGLE (Line Drive, 78S, EV 100.0 MPH) Josh Whitmore to third
|
Batting: RHB Jerry Castillo
|
0-0: 3-RUN HOME RUN (Flyball, 7D, EV 96.2 MPH), Distance : 373 ft
|
Batting: RHB Aaron Graham
|
0-0: Called Strike 0-1: SINGLE (Line Drive, 9S, EV 93.1 MPH)
|
Batting: RHB Knud Prins
|
0-0: Ball Aaron Graham steals 2nd base 1-0: Called Strike 1-1: Ball 2-1: Ball 3-1: Base on Balls
|
Batting: RHB Austin Mickelson
|
0-0: SINGLE (Groundball, 5L, EV 100.6 MPH) (infield hit) Aaron Graham to third Knud Prins to second
|
Batting: LHB Nick Foutz
|
0-0: Ball 1-0: Ball 2-0: Called Strike 2-1: Ball 3-1: Base on Balls Aaron Graham scores Knud Prins to third Austin Mickelson to second
|
Batting: RHB Danny Odom
|
0-0: Called Strike 0-1: Foul Ball, location: 2F 0-2: Ball 1-2: Foul Ball, location: 2F 1-2: SINGLE (Groundball, 6MD, EV 106.2 MPH) Knud Prins scores Austin Mickelson to third Nick Foutz to second
|
Batting: RHB Mike Thornton
|
0-0: Ball 1-0: Foul Ball, location: 2F 1-1: Foul Ball, location: 2F 1-2: GRAND SLAM HOME RUN (Flyball, 9D, EV 99.4 MPH), Distance : 382 ft
|
Pitching: LHP Dustin Shaw
|
|
Batting: RHB Josh Whitmore
|
0-0: Called Strike 0-1: Foul Ball, location: 2F 0-2: Ball 1-2: Ball 2-2: Ball 3-2: SINGLE (Groundball, 6MS, EV 69.4 MPH) (infield hit)
|
Pinch Hitting: RHB Edwin Soto
|
0-0: Ball 1-0: Called Strike 1-1: Swinging Strike 1-2: Foul Ball, location: 2F 1-2: Strikes out looking
|
Pinch Hitting: RHB Dennis Daniels
|
0-0: Foul Ball, location: 2F 0-1: Fielders Choice at 2nd, 5-4 (Groundball, 5, EV 79.4 MPH)
|
Pinch Hitting: RHB Steve Haskins
|
0-0: Ball 1-0: Swinging Strike 1-1: Swinging Strike 1-2: Ball 2-2: Strikes out looking
|
Top of the 9th over - 9 runs, 8 hits, 0 errors, 1 left on base; Spokane 15 - Staten Island 5 |
BOTTOM OF THE 9TH |
Staten Island Yankees batting - Pitching for Spokane Indians : LHP Patrick Meesters
|
Now at C: Edwin Soto
|
|
Now at 1B: Jason Swisher
|
|
Now at 2B: Knud Prins
|
|
Now at 3B: Tyler Farver
|
|
Now at SS: Steve Haskins
|
|
Batting: LHB Dario Segura
|
0-0: Called Strike 0-1: Fly out, F8 (Flyball, 89D, EV 90.6 MPH)
|
Batting: LHB Mike Schermerhorn
|
0-0: Ball 1-0: Ball 2-0: Ball 3-0: Called Strike 3-1: SINGLE (Groundball, 56D, EV 93.8 MPH)
|
Pitching: LHP Tommy Hall
|
|
Batting: SHB Tadaaki Kondo
|
0-0: Ball 1-0: Ground out 5-3 (Groundball, 56S, EV 62.5 MPH) Mike Schermerhorn to second
|
Batting: SHB Adam Slade
|
0-0: Ball 1-0: Ball 2-0: Foul Ball, location: 2F 2-1: Ball 3-1: Called Strike 3-2: Foul Ball, location: 2F 3-2: Fly out, F8 (Flyball, 8RM, EV 90.0 MPH)
|
Bottom of the 9th over - 0 runs, 1 hit, 0 errors, 1 left on base; Spokane 15 - Staten Island 5 |
|